 Dungeon Crawl Stone Soup version 0.24.0-2-g5b39cebb1c (webtiles) character file.

Game seed: 12853295586809328591, levelgen mode: deterministic

107 H0rd4k the Charlatan (level 5, -2/37 HPs)
             Began as a Human Artificer on Oct 30, 2019.
             Killed from afar by an orc wizard (11 damage)
             ... with a puff of flame
             ... on level 3 of the Dungeon.
             The game lasted 00:02:09 (2113 turns).

H0rd4k the Charlatan (Human Artificer)              Turns: 2113, Time: 00:02:10

Health: -2/37      AC:  7    Str: 13    XL:     5   Next: 10%
Magic:  7/7        EV: 12    Int: 12    God:
Gold:   191        SH:  0    Dex: 13    Spells: 4/4 levels left

rFire    . . .     SeeInvis .   a - +0 short sword
rCold    . . .     Gourm    .   (no shield)
rNeg     . . .     Faith    .   b - +0 leather armour
rPois    .         Spirit   .   l - +2 helmet
rElec    .         Reflect  .   (no cloak)
rCorr    .         Harm     .   m - +0 pair of gloves
MR       .....                  (no boots)
Stlth    ++........             (no amulet)
HPRegen  0.12/turn              (no ring)
MPRegen  0.10/turn              (no ring)

@: no status effects
A: no striking features
a: no special abilities


You were on level 3 of the Dungeon.
You were very hungry.

You visited 1 branch of the dungeon, and saw 3 of its levels.

You collected 191 gold pieces.

Inventory:

Hand Weapons
 a - a +0 short sword (weapon)
Missiles
 v - 6 poisoned darts (quivered)
Armour
 b - a +0 leather armour (worn)
 l - a +2 helmet (worn)
 m - a +0 pair of gloves (worn)
Jewellery
 u - an uncursed ring of ice {unknown}
Wands
 c - a wand of flame (5)
 d - a wand of enslavement (15)
 e - a wand of random effects (15)
Scrolls
 g - a scroll of blinking {unknown}
 k - a scroll of enchant armour {unknown}
 n - a scroll of random uselessness {unknown}
 p - a scroll of identify {unknown}
 r - 2 scrolls of amnesia {unknown}
 s - a scroll of noise {unknown}
 t - a scroll of teleportation {unknown}
Potions
 h - a potion of heal wounds {unknown}
 i - a potion of resistance {unknown}
 j - a potion of cancellation {unknown}
 o - 2 potions of magic {unknown}
 q - a potion of invisibility {unknown}
Comestibles
 f - 4 rations


   Skills:
 + Level 1.4 Fighting
 + Level 2.4 Short Blades
 + Level 1.4 Armour
 + Level 2.6 Dodging
 + Level 1.4 Stealth
 + Level 3.6 Evocations


You had 4 spell levels left.
You didn't know any spells.
Your spell library was empty.

Dungeon Overview and Level Annotations

Branches:
Dungeon (3/15)

Altars:


Message History

Something tries to affect you, but you resist.
You barely miss something. Something hits you.
You miss something.
An orc wizard appears from thin air!
Reactivating autopickup.
The orc wizard gestures at you while chanting.
The puff of flame hits you.
* * * LOW HITPOINT WARNING * * *
You barely miss the orc wizard.
The orc wizard is lightly wounded.
The orc wizard hits you but does no damage.
You hit the orc wizard but do no damage.
The orc wizard is lightly wounded.
The orc wizard hits you with a +0 dagger.
* * * LOW HITPOINT WARNING * * *
You are feeling very hungry.
You barely miss the orc wizard.
The orc wizard is lightly wounded.
The orc wizard points at you and mumbles some strange words.
The puff of flame hits you!
You die...

......#.##.......... .
.........#..........
.......#.##........#####
.....g.#..#......###...##
.g.....#..##...###...#..#
=......#o..#.###...####.#
.....#.#o#†#.#...### #..
.......#o#...†.### ###
.....###@####### # #.# #
#.# # #.# # ..# # ###
######## ........
######## #


You could see an orc wizard and 2 orcs.

Vanquished Creatures
  An orc wizard (D:3)
  3 adders (D:2)
  A worm (D:3)
  5 orcs
  2 giant cockroaches (D:2)
  5 goblins
  6 hobgoblins
  2 jackals (D:3)
  2 quokkas
  3 bats
  3 frilled lizards
  3 kobolds
  6 rats
42 creatures vanquished.

Notes
Turn   | Place    | Note
-------+----------+-------------------------------------------
     0 | D:1      | H0rd4k the Human Artificer began the quest for the Orb.
     0 | D:1      | Reached XP level 1. HP: 15/15 MP: 3/3
   378 | D:1      | Reached XP level 2. HP: 21/21 MP: 4/4
   555 | D:2      | Reached XP level 3. HP: 26/26 MP: 5/5
  1416 | D:2      | Reached XP level 4. HP: 18/32 MP: 6/6
  1667 | D:3      | Reached skill level 1 in Armour
  2020 | D:3      | Reached XP level 5. HP: 37/37 MP: 7/7
  2113 | D:3      | Killed from afar by an orc wizard

Levels and vault maps discovered:
D:1:      dpeg_arrival_tiny_i, layout_rooms
D:2:      layout_basic, hex_intersection
D:3:      minmay_skewed_foursquare, layout_basic, first_ration

Skill      XL: |  1  2  3  4 |
---------------+-------------+-----
Short Blades   | 2 |  2.4
Armour         | 1 |  1.4
Fighting       | |  1.4
Dodging        | |  2.6
Stealth        | |  1.4
Evocations     | |  3.6

Action                   |  1- 3 |  4- 6 || total
-------------------------+-------+-------++-------
Melee: Short sword       |   102 |    93 ||   195
Evoke: Wand              |     4 |     6 ||    10
 Stab: Sleeping          |     3 |       ||     3
  Eat: Chunk             |     2 |     1 ||     3
Armor: Leather armour    |    44 |    29 ||    73
Dodge: Dodged            |    53 |    39 ||    92
